| TOP OF THE 1ST |
|
Burlington Royals batting - Pitching for Baltimore (APP) Orioles : RHP Adam Browne
|
|
Pitching: RHP Adam Browne
|
|
|
Batting: RHB Tim Persson
|
0-0: Ball 1-0: Swinging Strike 1-1: Ball 2-1: Called Strike 2-2: Ball 3-2: Strikes out swinging
|
|
Batting: LHB Ernesto Abreu
|
0-0: Ball 1-0: Ball 2-0: Called Strike 2-1: Called Strike 2-2: Foul Ball, location: 2F 2-2: Strikes out swinging
|
|
Batting: SHB Manny Berrones
|
0-0: Ball 1-0: Called Strike 1-1: Ball 2-1: Ball 3-1: Foul Ball, location: 2F 3-2: Foul Ball, location: 2F 3-2: DOUBLE (Line Drive, 7LM, EV 100.6 MPH)
|
|
Batting: SHB Danny Ballenger
|
0-0: Called Strike 0-1: Swinging Strike 0-2: Ball 1-2: Ground out U3 (Groundball, 3L, EV 93.8 MPH)
|
| Top of the 1st over - 0 runs, 1 hit, 0 errors, 1 left on base; Burlington 0 - Baltimore (APP) 0 |
| BOTTOM OF THE 1ST |
|
Baltimore (APP) Orioles batting - Pitching for Burlington Royals : RHP Matt Slater
|
|
Pitching: RHP Matt Slater
|
|
|
Batting: LHB Eric Jackson
|
0-0: Ball 1-0: Ball 2-0: SINGLE (Groundball, 34D, EV 95.0 MPH)
|
|
Batting: LHB Rodolfo Montes
|
0-0: Called Strike 0-1: Ball 1-1: Ball 2-1: Ball 3-1: Foul Ball, location: 2F 3-2: DOUBLE (Groundball, 3L, EV 99.4 MPH) Eric Jackson to third
|
|
Batting: RHB Jeremy Sipe
|
0-0: Called Strike 0-1: Ball 1-1: SINGLE (Line Drive, 8RS, EV 102.5 MPH) Eric Jackson scores Rodolfo Montes to third
|
|
Batting: LHB Bill Ostlund
|
0-0: Called Strike 0-1: Called Strike 0-2: Foul Ball, location: 2F 0-2: Ball 1-2: Foul Ball, location: 2F 1-2: Ball Jeremy Sipe steals 2nd base 2-2: Ball 3-2: 3-RUN HOME RUN (Flyball, 89XD, EV 115.6 MPH), Distance : 444 ft
|
|
Batting: RHB Mike Zepeda
|
0-0: Ball 1-0: Ball 2-0: Foul Ball, location: 2F 2-1: Ball 3-1: Base on Balls
|
|
Batting: RHB Fernando Bravo
|
0-0: Ball 1-0: Ball 2-0: Ball 3-0: Base on Balls Mike Zepeda to second
|
|
Batting: LHB Tomas de Zeeuw
|
0-0: Ball 1-0: Called Strike 1-1: Ball Passed Ball! Mike Zepeda to third Fernando Bravo to second 2-1: Ball 3-1: Foul Ball, location: 2F 3-2: Base on Balls
|
|
Batting: RHB Matt O'Dea
|
0-0: Called Strike 0-1: Foul Ball, location: 2F 0-2: Ball 1-2: Strikes out swinging
|
|
Batting: RHB Danny Ayala
|
0-0: Ball 1-0: Foul Ball, location: 2F 1-1: Fielders Choice at 2nd, 4-6 (Groundball, 4, EV 89.4 MPH) Mike Zepeda scores Fernando Bravo to third
|
|
Pitching: RHP Philip Terrell
|
|
|
Batting: LHB Eric Jackson
|
0-0: Ball 1-0: Ball 2-0: Called Strike 2-1: Foul Ball, location: 2F 2-2: Ball 3-2: Ground out 4-3 (Groundball, 4, EV 82.5 MPH)
|
| Bottom of the 1st over - 5 runs, 4 hits, 0 errors, 2 left on base; Burlington 0 - Baltimore (APP) 5 |
| TOP OF THE 2ND |
|
Burlington Royals batting - Pitching for Baltimore (APP) Orioles : RHP Adam Browne
|
|
Batting: RHB Rob Ward
|
0-0: Called Strike 0-1: Ball 1-1: SINGLE (Groundball, 56D, EV 100.0 MPH)
|
|
Batting: LHB Bobby Gonzalez
|
0-0: Fielders Choice at 2nd, 4-6 (Groundball, 4M, EV 102.5 MPH)
|
|
Batting: SHB Marcos Cortez
|
0-0: Ball 1-0: Called Strike 1-1: Fly out, F9 (Flyball, 9, EV 92.5 MPH)
|
|
Batting: RHB Shane Bruce
|
0-0: Ball 1-0: Ball 2-0: Foul Ball, location: 2F 2-1: Ball 3-1: Swinging Strike 3-2: Fly out, F8 (Flyball, 8RS, EV 92.5 MPH)
|
| Top of the 2nd over - 0 runs, 1 hit, 0 errors, 1 left on base; Burlington 0 - Baltimore (APP) 5 |
| BOTTOM OF THE 2ND |
|
Baltimore (APP) Orioles batting - Pitching for Burlington Royals : RHP Philip Terrell
|
|
Batting: LHB Rodolfo Montes
|
0-0: Ground out 6-3 (Groundball, 6, EV 89.4 MPH)
|
|
Batting: RHB Jeremy Sipe
|
0-0: Foul Ball, location: 2F 0-1: Ball 1-1: Foul Ball, location: 2F 1-2: Ball 2-2: Foul Ball, location: 2F 2-2: SINGLE (Groundball, 56, EV 98.1 MPH)
|
|
Batting: LHB Bill Ostlund
|
0-0: Called Strike Jeremy Sipe steals 2nd base 0-1: Ball 1-1: Ball 2-1: Ball 3-1: Foul Ball, location: 2F 3-2: Base on Balls
|
|
Batting: RHB Mike Zepeda
|
0-0: Called Strike 0-1: Ball 1-1: Foul Ball, location: 2F 1-2: Reached on error, E5 (Groundball, 56, EV 108.8 MPH) Jeremy Sipe to third Bill Ostlund to second
|
|
Batting: RHB Fernando Bravo
|
0-0: Called Strike 0-1: Ball 1-1: Foul Ball, location: 2F 1-2: Strikes out swinging
|
|
Batting: LHB Tomas de Zeeuw
|
0-0: Ball 1-0: Ball 2-0: Called Strike 2-1: Called Strike 2-2: Strikes out looking
|
| Bottom of the 2nd over - 0 runs, 1 hit, 1 error, 3 left on base; Burlington 0 - Baltimore (APP) 5 |
| TOP OF THE 3RD |
|
Burlington Royals batting - Pitching for Baltimore (APP) Orioles : RHP Adam Browne
|
|
Batting: RHB Matthew Orphan
|
0-0: Fly out, F7 (Flyball, 7, EV 82.5 MPH)
|
|
Batting: RHB Tim Persson
|
0-0: Called Strike 0-1: Ball 1-1: Ball 2-1: Reached on error, E4 (Groundball, 4S, EV 78.8 MPH)
|
|
Batting: LHB Ernesto Abreu
|
0-0: Ball 1-0: Swinging Strike 1-1: Ball 2-1: Fielders Choice at 2nd, 4-6 (Groundball, 4, EV 81.3 MPH)
|
|
Batting: SHB Manny Berrones
|
0-0: Foul Ball, location: 2F 0-1: Ball 1-1: DOUBLE (Groundball, 3L, EV 115.6 MPH) Ernesto Abreu to third Runner from 3rd tries for Home, SAFE, throw by RF to home
|
|
Batting: SHB Danny Ballenger
|
0-0: Ball Wild Pitch! Manny Berrones to third 1-0: Ball 2-0: Ball 3-0: Called Strike 3-1: Base on Balls
|
|
Batting: RHB Rob Ward
|
0-0: Ground out 4-3 (Groundball, 34D, EV 82.5 MPH)
|
| Top of the 3rd over - 1 run, 1 hit, 1 error, 2 left on base; Burlington 1 - Baltimore (APP) 5 |
| BOTTOM OF THE 3RD |
|
Baltimore (APP) Orioles batting - Pitching for Burlington Royals : RHP Philip Terrell
|
|
Batting: RHB Matt O'Dea
|
0-0: Ball 1-0: Called Strike 1-1: Fly out, F8 (Flyball, 8LM, EV 89.4 MPH)
|
|
Batting: RHB Danny Ayala
|
0-0: Ball 1-0: Ball 2-0: Foul Ball, location: 2F 2-1: Reached on error, E6 (Groundball, 6, EV 91.9 MPH)
|
|
Batting: LHB Eric Jackson
|
0-0: Ball 1-0: Ball 2-0: Foul Ball, location: 2F 2-1: Called Strike 2-2: Ball 3-2: Foul Ball, location: 2F 3-2: Foul Ball, location: 2F 3-2: Strikes out swinging
|
|
Batting: LHB Rodolfo Montes
|
0-0: Ball 1-0: SINGLE (Groundball, 5S, EV 61.9 MPH) (infield hit) Danny Ayala to second
|
|
Batting: RHB Jeremy Sipe
|
0-0: Ball 1-0: Foul Ball, location: 2F 1-1: Ball 2-1: SINGLE (Groundball, P, EV 87.5 MPH) (infield hit) Danny Ayala to third Rodolfo Montes to second
|
|
Pitching: RHP Tim Tucker
|
|
|
Batting: LHB Bill Ostlund
|
0-0: Called Strike 0-1: Foul Ball, location: 2F 0-2: Foul Ball, location: 2F 0-2: Ball 1-2: Foul Ball, location: 2F 1-2: Fielders Choice at 2nd, 6-4 (Groundball, 56, EV 86.3 MPH)
|
| Bottom of the 3rd over - 0 runs, 2 hits, 1 error, 3 left on base; Burlington 1 - Baltimore (APP) 5 |
| TOP OF THE 4TH |
|
Burlington Royals batting - Pitching for Baltimore (APP) Orioles : RHP Adam Browne
|
|
Batting: LHB Bobby Gonzalez
|
0-0: Reached on error, E4 (Groundball, 34, EV 90.6 MPH)
|
|
Batting: SHB Marcos Cortez
|
0-0: Ball 1-0: Called Strike 1-1: Swinging Strike 1-2: Ball 2-2: Ball 3-2: Strikes out swinging
|
|
Batting: RHB Shane Bruce
|
0-0: Ball 1-0: Ball 2-0: Ball 3-0: Base on Balls Bobby Gonzalez to second
|
|
Batting: RHB Matthew Orphan
|
0-0: Bunted foul 0-1: Bunted foul 0-2: Bunted foul, Strikeout!
|
|
Batting: RHB Tim Persson
|
0-0: Called Strike 0-1: Ball 1-1: Ball 2-1: Foul Ball, location: 2F 2-2: Ball 3-2: SINGLE (Groundball, 4M, EV 105.6 MPH) (infield hit) Bobby Gonzalez to third Shane Bruce to second
|
|
Batting: LHB Ernesto Abreu
|
0-0: Foul Ball, location: 2F 0-1: Foul Ball, location: 2F 0-2: Ball 1-2: Strikes out swinging
|
| Top of the 4th over - 0 runs, 1 hit, 1 error, 3 left on base; Burlington 1 - Baltimore (APP) 5 |
| BOTTOM OF THE 4TH |
|
Baltimore (APP) Orioles batting - Pitching for Burlington Royals : RHP Tim Tucker
|
|
Batting: RHB Mike Zepeda
|
0-0: Fly out, F8 (Flyball, 89M, EV 76.9 MPH)
|
|
Batting: RHB Fernando Bravo
|
0-0: Called Strike 0-1: Called Strike 0-2: Foul Ball, location: 2F 0-2: Ball 1-2: Foul Ball, location: 2F 1-2: Ball 2-2: Fly out, F4 (Line Drive, 4, EV 70.6 MPH)
|
|
Batting: LHB Tomas de Zeeuw
|
0-0: Called Strike 0-1: Ball 1-1: Ball 2-1: Fly out, F7 (Line Drive, 7D, EV 91.9 MPH)
|
| Bottom of the 4th over - 0 runs, 0 hits, 0 errors, 0 left on base; Burlington 1 - Baltimore (APP) 5 |
| TOP OF THE 5TH |
|
Burlington Royals batting - Pitching for Baltimore (APP) Orioles : RHP Adam Browne
|
|
Pitching: LHP Freddy Gutierrez
|
|
|
Batting: SHB Manny Berrones
|
0-0: Foul Ball, location: 2F 0-1: Ball 1-1: SINGLE (Line Drive, 6M, EV 95.0 MPH)
|
|
Batting: SHB Danny Ballenger
|
0-0: Called Strike 0-1: Foul Ball, location: 2F 0-2: Ball 1-2: Ball 2-2: Foul Ball, location: 2F 2-2: Ball 3-2: Foul Ball, location: 2F 3-2: Strikes out swinging
|
|
Batting: RHB Rob Ward
|
0-0: Called Strike 0-1: Swinging Strike 0-2: Strikes out swinging
|
|
Batting: LHB Bobby Gonzalez
|
0-0: Ground out U3 (Groundball, 34S, EV 68.8 MPH)
|
| Top of the 5th over - 0 runs, 1 hit, 0 errors, 1 left on base; Burlington 1 - Baltimore (APP) 5 |
| BOTTOM OF THE 5TH |
|
Baltimore (APP) Orioles batting - Pitching for Burlington Royals : RHP Tim Tucker
|
|
Batting: RHB Matt O'Dea
|
0-0: Called Strike 0-1: Foul Ball, location: 2F 0-2: Ball 1-2: Foul Ball, location: 2F 1-2: Ball 2-2: Foul Ball, location: 2F 2-2: Ball 3-2: Foul Ball, location: 2F 3-2: Foul Ball, location: 2F 3-2: Fly out, F9 (Line Drive, 9, EV 95.6 MPH)
|
|
Batting: RHB Danny Ayala
|
0-0: Ball 1-0: Called Strike 1-1: Ground out 3-1 (Groundball, 34, EV 87.5 MPH)
|
|
Batting: LHB Eric Jackson
|
0-0: Swinging Strike 0-1: Ground out 6-3 (Groundball, 6, EV 85.6 MPH)
|
| Bottom of the 5th over - 0 runs, 0 hits, 0 errors, 0 left on base; Burlington 1 - Baltimore (APP) 5 |
| TOP OF THE 6TH |
|
Burlington Royals batting - Pitching for Baltimore (APP) Orioles : LHP Freddy Gutierrez
|
|
Batting: SHB Marcos Cortez
|
0-0: Ball 1-0: Foul Ball, location: 2F 1-1: Swinging Strike 1-2: Foul Ball, location: 2F 1-2: Ball 2-2: Ball 3-2: Strikes out looking
|
|
Batting: RHB Shane Bruce
|
0-0: Called Strike 0-1: SINGLE (Line Drive, 78S, EV 88.1 MPH)
|
|
Batting: RHB Matthew Orphan
|
0-0: Bunted foul 0-1: Bunted foul 0-2: Bunt missed, Strikeout!
|
|
Pitching: RHP Angel Gonzales
|
|
|
Batting: RHB Tim Persson
|
0-0: Ball 1-0: Called Strike 1-1: Foul Ball, location: 2F 1-2: Strikes out swinging
|
| Top of the 6th over - 0 runs, 1 hit, 0 errors, 1 left on base; Burlington 1 - Baltimore (APP) 5 |
| BOTTOM OF THE 6TH |
|
Baltimore (APP) Orioles batting - Pitching for Burlington Royals : RHP Tim Tucker
|
|
Batting: LHB Rodolfo Montes
|
0-0: Swinging Strike 0-1: Ball 1-1: Ball 2-1: Ball 3-1: SINGLE (Groundball, 4MS, EV 69.4 MPH) (infield hit)
|
|
Batting: RHB Jeremy Sipe
|
0-0: Called Strike 0-1: SINGLE (Groundball, 15S, EV 69.4 MPH) (infield hit) Rodolfo Montes to second
|
|
Batting: LHB Bill Ostlund
|
0-0: Called Strike 0-1: Ball 1-1: Ball Rodolfo Montes steals 3rd, throwing error, E2 Rodolfo Montes scores Jeremy Sipe to third 2-1: Foul Ball, location: 2F 2-2: Ball 3-2: Foul Ball, location: 2F 3-2: Base on Balls
|
|
Pitching: RHP Neil Drain
|
|
|
Batting: RHB Mike Zepeda
|
0-0: Ball 1-0: Called Strike Bill Ostlund steals 2nd base 1-1: Foul Ball, location: 2F 1-2: Strikes out swinging
|
|
Batting: RHB Fernando Bravo
|
0-0: Swinging Strike 0-1: Ball 1-1: Fly out, F8 (Flyball, 89M, EV 91.9 MPH)
|
|
Batting: LHB Tomas de Zeeuw
|
0-0: Called Strike 0-1: Ball 1-1: Ball 2-1: SINGLE (Line Drive, 8RS, EV 95.6 MPH) Jeremy Sipe scores Bill Ostlund to third Throwing error, E8 Bill Ostlund scores Tomas de Zeeuw to second
|
|
Batting: RHB Matt O'Dea
|
0-0: Fly out, F7 (Flyball, 7D, EV 96.3 MPH)
|
| Bottom of the 6th over - 3 runs, 3 hits, 2 errors, 1 left on base; Burlington 1 - Baltimore (APP) 8 |
| TOP OF THE 7TH |
|
Burlington Royals batting - Pitching for Baltimore (APP) Orioles : RHP Angel Gonzales
|
|
Batting: LHB Ernesto Abreu
|
0-0: Ball 1-0: Swinging Strike 1-1: Called Strike 1-2: Ball 2-2: Strikes out swinging
|
|
Batting: SHB Manny Berrones
|
0-0: Fly out, F7 (Flyball, 7, EV 78.1 MPH)
|
|
Batting: SHB Danny Ballenger
|
0-0: Ball 1-0: Ball 2-0: Foul Ball, location: 2F 2-1: Ball 3-1: Foul Ball, location: 2F 3-2: Foul Ball, location: 2F 3-2: Base on Balls
|
|
Batting: RHB Rob Ward
|
0-0: Ball 1-0: Ball 2-0: Called Strike 2-1: Ball 3-1: Fielders Choice at 2nd, 6-4 (Groundball, 6, EV 77.5 MPH)
|
| Top of the 7th over - 0 runs, 0 hits, 0 errors, 1 left on base; Burlington 1 - Baltimore (APP) 8 |
| BOTTOM OF THE 7TH |
|
Baltimore (APP) Orioles batting - Pitching for Burlington Royals : RHP Neil Drain
|
|
Batting: RHB Danny Ayala
|
0-0: Called Strike 0-1: Ball 1-1: Called Strike 1-2: Ball 2-2: Ball 3-2: DOUBLE (Flyball, 78D, EV 100.6 MPH)
|
|
Pinch Hitting: LHB Antonio Cantu
|
0-0: Ball 1-0: Ball 2-0: Ball 3-0: Foul Ball, location: 2F 3-1: Called Strike 3-2: Fly out, F6 (Popup, 6MS, EV 68.8 MPH)
|
|
Pinch Hitting: RHB Matt Foster
|
0-0: Ball 1-0: Called Strike 1-1: Foul Ball, location: 2F 1-2: Foul Ball, location: 2F 1-2: Strikes out looking
|
|
Pinch Hitting: RHB Scott Boyd
|
0-0: Foul Ball, location: 2F 0-1: Reached on error, E6 (Groundball, 6, EV 95.6 MPH) Danny Ayala to third
|
|
Pinch Hitting: RHB Ronnie Cummings
|
0-0: Ball 1-0: Ball 2-0: Swinging Strike 2-1: Ball 3-1: Called Strike 3-2: Base on Balls Scott Boyd to second
|
|
Batting: RHB Mike Zepeda
|
0-0: Ball 1-0: Swinging Strike 1-1: Called Strike 1-2: Foul Ball, location: 2F 1-2: Foul Ball, location: 2F 1-2: Ball 2-2: Strikes out swinging
|
| Bottom of the 7th over - 0 runs, 1 hit, 1 error, 3 left on base; Burlington 1 - Baltimore (APP) 8 |
| TOP OF THE 8TH |
|
Burlington Royals batting - Pitching for Baltimore (APP) Orioles : RHP Angel Gonzales
|
|
Now at 1B: Scott Boyd
|
|
|
Now in LF: Antonio Cantu
|
|
|
Now in CF: Justin Alworth
|
|
|
Now in RF: Matt Foster
|
|
|
Batting: LHB Bobby Gonzalez
|
0-0: Called Strike 0-1: Called Strike 0-2: Foul Ball, location: 2F 0-2: Foul Ball, location: 2F 0-2: Ball 1-2: Ball 2-2: Foul Ball, location: 2F 2-2: Ball 3-2: DOUBLE (Line Drive, 89D, EV 103.8 MPH)
|
|
Batting: SHB Marcos Cortez
|
0-0: Ball Wild Pitch! Bobby Gonzalez to third 1-0: Ball 2-0: Ball 3-0: Base on Balls
|
|
Batting: RHB Shane Bruce
|
0-0: Foul Ball, location: 2F 0-1: Foul Ball, location: 2F 0-2: Strikes out swinging
|
|
Pitching: RHP Jon Grason
|
|
|
Batting: RHB Matthew Orphan
|
0-0: Bunted foul 0-1: Ball 1-1: Sac Bunt to 5S - play at first, batter OUT! 5-4 Marcos Cortez to second
|
|
Batting: RHB Tim Persson
|
0-0: Called Strike 0-1: Ball 1-1: Ball 2-1: Ball 3-1: Foul Ball, location: 2F 3-2: Strikes out looking
|
| Top of the 8th over - 0 runs, 1 hit, 0 errors, 2 left on base; Burlington 1 - Baltimore (APP) 8 |
| BOTTOM OF THE 8TH |
|
Baltimore (APP) Orioles batting - Pitching for Burlington Royals : RHP Neil Drain
|
|
Batting: RHB Fernando Bravo
|
0-0: Ball 1-0: Ball 2-0: Ball 3-0: Base on Balls
|
|
Pitching: RHP Junsuke Abe
|
|
|
Batting: LHB Tomas de Zeeuw
|
0-0: Called Strike 0-1: Ball 1-1: Ball 2-1: Foul Ball, location: 2F 2-2: TRIPLE (Flyball, 89XD, EV 95.0 MPH) Fernando Bravo scores
|
|
Batting: RHB Matt O'Dea
|
0-0: Ball 1-0: Ball 2-0: Ball 3-0: Called Strike 3-1: Base on Balls
|
|
Batting: RHB Danny Ayala
|
0-0: Called Strike 0-1: Called Strike 0-2: SINGLE (Groundball, 6MD, EV 110.0 MPH) Tomas de Zeeuw scores Matt O'Dea to second
|
|
Batting: LHB Antonio Cantu
|
0-0: Ball 1-0: Ball 2-0: Ball 3-0: Base on Balls Matt O'Dea to third Danny Ayala to second
|
|
Batting: RHB Matt Foster
|
0-0: Called Strike 0-1: SINGLE (Line Drive, 4MD, EV 97.5 MPH) Matt O'Dea scores Danny Ayala to third Antonio Cantu to second
|
|
Batting: RHB Scott Boyd
|
0-0: Called Strike 0-1: Called Strike 0-2: Foul Ball, location: 2F 0-2: Strikes out looking
|
|
Batting: LHB Justin Alworth
|
0-0: Called Strike 0-1: Ball 1-1: GRAND SLAM HOME RUN (Flyball, 9LD, EV 97.5 MPH), Distance : 349 ft
|
|
Pitching: RHP Kolenka Leschenya
|
|
|
Batting: RHB Mike Zepeda
|
0-0: SINGLE (Groundball, 34D, EV 95.0 MPH)
|
|
Batting: RHB Fernando Bravo
|
0-0: Ball 1-0: Swinging Strike 1-1: Grounds into double play, 4-6-3 (Groundball, 4, EV 102.5 MPH)
|
| Bottom of the 8th over - 7 runs, 5 hits, 0 errors, 0 left on base; Burlington 1 - Baltimore (APP) 15 |
| TOP OF THE 9TH |
|
Burlington Royals batting - Pitching for Baltimore (APP) Orioles : RHP Jon Grason
|
|
Batting: LHB Ernesto Abreu
|
0-0: Swinging Strike 0-1: Foul Ball, location: 2F 0-2: Strikes out swinging, 2-3 out at first.
|
|
Batting: SHB Manny Berrones
|
0-0: Ball 1-0: Called Strike 1-1: Swinging Strike 1-2: Strikes out swinging
|
|
Batting: SHB Danny Ballenger
|
0-0: Called Strike 0-1: Called Strike 0-2: Ball 1-2: Strikes out swinging
|
| Top of the 9th over - 0 runs, 0 hits, 0 errors, 0 left on base; Burlington 1 - Baltimore (APP) 15 |
|